[Event "*** Titled Tuesday Blitz"]
[Site "Chess.com"]
[Date "2020.05.12"]
[Round "2"]
[White "TrenerChos"]
[Black "levallem"]
[Result "0-1"]
[WhiteElo "2389"]
[BlackElo "2123"]
[TimeControl "180+1"]
[EndTime "10:18:27 PDT"]
[Termination "levallem won by checkmate"]

1. e4 c5 2. Nf3 Nc6 3. d4 cxd4 4. Nxd4 g6 5. Nb3 Bg7 6. Be2 Nf6 7. Nc3 O-O 8. O-O d6 9. Be3 Be6 10. f3 d5 11.
exd5 Nxd5 12. Nxd5 Qxd5 13. Qxd5 Bxd5 14. c3 Rfd8 15.
Rfd1 Ne5 16. Bd4 b6 17. f4 Nc6 18. Bxg7 Kxg7 19. Kf2 Be4 20. Bb5 Rxd1 21. Rxd1 Rd8 22. Bxc6 Rxd1 23. Bxe4 f5 24. Bc2 Rd5 25. c4 Rd6 26. a4 Kf6 27. a5 e5 28. fxe5+ Kxe5 29. axb6 axb6 30. Ke3 g5 31. Bd3 h5 32. c5 f4+ 33.
Ke2 bxc5 34. Nxc5 g4 35. b4 Kd4 36. Ne4 Re6 37. b5 f3+ 38. gxf3 gxf3+ 39. Kd2 h4 40. h3 Rg6 41. Nf2 Rg2 42. Ke1 Ke3 43. b6 Rxf2 44.
b7 Rb2 45. Kd1 Kxd3 46. Kc1 Rxb7 47. Kd1 Rb1# 0-1

[Event "*** Titled Tuesday Blitz"]
[Site "Chess.com"]
[Date "2020.05.12"]
[Round "2"]
[White "MarcoRiehle"]
[Black "konradrutkowski"]
[Result "1-0"]
[WhiteElo "2616"]
[BlackElo "2258"]
[TimeControl "180+1"]
[EndTime "10:18:28 PDT"]
[Termination "MarcoRiehle won by resignation"]

1. e4 e5 2. Nf3 Nc6 3. Bc4 Nf6 4. d4 exd4 5. e5 d5 6. Bb5 Ne4 7. Nxd4 Bd7 8. Bxc6 bxc6 9. O-O Bc5 10. f3 Ng5 11. f4 Ne4 12. Be3 Bb6 13. Nd2 Nxd2 14. Qxd2 c5 15. Nb3 c4 16. Nc5 Bc6 17. c3 Qe7 18.
Qd4 O-O 19. b4 cxb3 20. axb3 a5 21. b4 axb4 22. cxb4 Bb5 23. Rf3 Rxa1+ 24. Qxa1 d4 25. Qxd4 Rd8 26. Qa1 Bxc5 27. Bxc5 Qe6 28. Rf2 h5 29. h3 Qb3 30. Kh2 h4 31. Rf3 Qc2 32. e6 fxe6 33. Qe5 Qc4 34. Qxc7 Re8 35. f5 exf5 36.
Rxf5 Qe6 37. Qf4 Bc6 38. Rg5 Qe4 39. Qc7 g6 40. Qd6 Kh7 41. Rg4 Qd5 42. Qxg6+ 1-0

[Event "*** Titled Tuesday Blitz"]
[Site "Chess.com"]
[Date "2020.05.12"]
[Round "2"]
[White "emperor87"]
[Black "kai_nov"]
[Result "1-0"]
[WhiteElo "2614"]
[BlackElo "2253"]
[TimeControl "180+1"]
[EndTime "10:18:28 PDT"]
[Termination "emperor87 won on time"]

1. e3 d5 2. Nf3 Nf6 3. b3 c5 4. Bb2 a6 5. c4 e6 6. d4 cxd4 7.
Nxd4 Bb4+ 8. Bc3 Bd6 9. Bd3 O-O 10. O-O Nc6 11. Nxc6 bxc6 12. Nd2 e5 13. Bb2 Qe7 14.
cxd5 cxd5 15. Rc1 Bb7 16. Qe2 e4 17. Bb1 Rac8 18. Rfd1 Be5 19. Nf1 h6 20. Ng3 g6 21.
a3 h5 22. b4 Ng4 23. Nf1 Qf6 24. Bxe5 Nxe5 25. Nd2 d4 26. exd4 Nf3+ 27. gxf3 exf3 28. Qf1 Rxc1 29. Rxc1 Qg5+ 30. Kh1 Qxd2 31. Rd1 Qf4 32. d5 Rd8 33. Ba2 Rd6 34. Qc4 Qg5 35. Rg1 Qf6 36. Qe4 Qd8 37. Qxf3 Bxd5 38. Bxd5 Rxd5 39.
Re1 Qd6 40. h3 Kg7 41. Kg2 Rf5 42. Qc3+ Kh7 43. Re3 Qd5+ 44. Kf1 Qh1+ 45. Ke2 Qg2 46. Rf3 Qg5 47. Rxf5 Qxf5 48. Qf3 Qc2+ 49. Kf1 Qc1+ 50. Kg2 Qc4 51. Qb7 Kg7 52. a4 1-0

[Event "*** Titled Tuesday Blitz"]
[Site "Chess.com"]
[Date "2020.05.12"]
[Round "2"]
[White "mshuaau0"]
[Black "Nikithebest"]
[Result "1-0"]
[WhiteElo "2178"]
[BlackElo "2402"]
[TimeControl "180+1"]
[EndTime "10:18:28 PDT"]
[Termination "mshuaau0 won on time"]

1. e4 c5 2. Nf3 d6 3. d4 cxd4 4. Nxd4 Nf6 5. Nc3 g6 6. Be3 a6 7. f3 b5 8. a3 Bb7 9. Qd2 Nbd7 10. O-O-O Rc8 11. Kb1 Qa5 12. Nb3 Qc7 13. g4 Nb6 14. g5 Nh5 15. Bxb6 Qxb6 16. Bh3 Rc4 17. Bg4 Bg7 18. Nd5 Bxd5 19. Qxd5 O-O 20. Bxh5 gxh5 21. f4 Rfc8 22. Rd2 a5 23. f5 a4 24. Nc1 R4c5 25.
Qd3 Be5 26. g6 fxg6 27. fxg6 b4 28. gxh7+ Kh8 29. Rg1 Rc3 30. Rg8+ Kxh7 31. Rxc8 Rxc8 32. Qd5 bxa3 33. Qf7+ Bg7 34. Qf5+ Kh6 35. Nd3 1-0

[Event "*** Titled Tuesday Blitz"]
[Site "Chess.com"]
[Date "2020.05.12"]
[Round "2"]
[White "wonderfultime"]
[Black "Yashasd1995"]
[Result "1-0"]
[WhiteElo "2958"]
[BlackElo "2575"]
[TimeControl "180+1"]
[EndTime "10:18:29 PDT"]
[Termination "wonderfultime won on time"]

1. d4 Nf6 2. Nf3 e6 3. Bf4 b6 4. e3 Bb7 5. Bd3 d6 6. Nbd2 Nbd7 7. O-O Qe7 8. e4 e5 9. Bg3 Nh5 10.
Bh4 Nhf6 11. Re1 g6 12. a4 a6 13. c3 Bg7 14. Nc4 O-O 15. Ne3 Qe8 16. Qc2 Nh5 17. Nd5 Bxd5 18. exd5 Nf4 19. Bc4 Qc8 20. Bg5 Qb7 21.
Qd2 Nh5 22. Bb3 Rfe8 23. h3 e4 24. Nh2 f5 25. Bh6 Bh8 26. g4 fxg4 27. Nxg4 Ndf6 28. Qg5 Qc8 29. Re3 Qf5 30. Rae1 Qxg5 31. Bxg5 Nxg4 32. hxg4 Nf6 33. Bd1 Kf7 34. Rh3 Kg8 35. Bf4 Nxd5 36. Bb3 c6 37. Bxd6 Rad8 38. Bc7 Rd7 39. Bxb6 Rb8 40.
a5 Bf6 41. Rxe4 Bd8 42. Bxd5+ cxd5 43. Re8+ Kg7 44. Rhe3 1-0

[Event "*** Titled Tuesday Blitz"]
[Site "Chess.com"]
[Date "2020.05.12"]
[Round "2"]
[White "swimmerchess"]
[Black "shrek4life02"]
[Result "1-0"]
[WhiteElo "2828"]
[BlackElo "2532"]
[TimeControl "180+1"]
[EndTime "10:18:29 PDT"]
[Termination "swimmerchess won by resignation"]

1. d4 Nf6 2. c4 c6 3. Nf3 d5 4. Nc3 g6 5. cxd5 cxd5 6. Bf4 Bg7 7. e3 O-O 8. Ne5 Nc6 9. Be2 Ne4 10. Nxc6 Nxc3 11. Nxe7+ Qxe7 12. bxc3 Bf5 13. O-O Rac8 14. Qb3 Rfd8 15. Rac1 h5 16. c4 g5 17. Be5 f6 18.
cxd5 fxe5 19. d6+ Qf7 20. Bc4 Rxc4 21. Qxc4 Qxc4 22. Rxc4 exd4 23. Rc5 Bd3 24. Re1 Bf6 25. exd4 Rxd6 26. Rc8+ Kf7 27. Rc7+ Kg6 28. Rxb7 Bxd4 29. Ree7 Rb6 30. Rxb6+ Bxb6 31. a4 Bc5 32. Rc7 Bb6 33. Rc6+ Kf7 34. h4 gxh4 35. a5 Bxa5 36. Rc5 Bb6 37. Rxh5 a5 38. Rxh4 Bc2 39. Rc4 Bb3 40. Rc6 Bd4 41. Rd6 Be5 42. Ra6 a4 43. g3 Bb2 44.
Rb6 Be6 45. Rxb2 a3 46. Rb7+ Kf6 47. Ra7 a2 48. Kg2 Ke5 49. f4+ Kd4 50. Kf3 Kc3 51. Ke4 Kb2 52. f5 Bd7 53. f6 Be6 54. Ke5 Bc4 55. g4 Kb3 56. g5 Bb5 57. Rxa2 Kxa2 58. f7 1-0

[Event "*** Titled Tuesday Blitz"]
[Site "Chess.com"]
[Date "2020.05.12"]
[Round "2"]
[White "Volodar_Murzin"]
[Black "gvanna"]
[Result "1-0"]
[WhiteElo "2713"]
[BlackElo "2478"]
[TimeControl "180+1"]
[EndTime "10:18:29 PDT"]
[Termination "Volodar_Murzin won by resignation"]

1. d4 d5 2. Nf3 Nf6 3. Bf4 Nh5 4. Bd2 g6 5. e3 Bg7 6. c4 e6 7. Nc3 O-O 8. Rc1 Nf6 9. Be2 Nbd7 10. O-O c6 11. b4 Qe7 12. Qb3 dxc4 13. Bxc4 e5 14. b5 e4 15. Ne1 cxb5 16. Nxb5 Nb6 17. Bb4 Qd7 18. Bxf8 Kxf8 19. Be2 Nbd5 20. Nc2 a6 21. Nc3 b5 22. Nxd5 Nxd5 23. Nb4 Bb7 24. Rc5 Nxb4 25.
Qxb4 Kg8 26. Qc3 Bf8 27. Rc7 Qd5 28. Bd1 Bd6 29. Bb3 Qh5 30. Bxf7+ Kf8 31. h3 Bxc7 32.
Qxc7 Rc8 33. Qxb7 Rd8 34. Bb3 Qf5 35. Qxa6 Ke7 36. Qa7+ Rd7 37. Qc5+ Qxc5 38. dxc5 Rc7 39. Rc1 Kd7 40. Bd5 b4 41. Bxe4 Ke6 42. Bc2 Kd5 43. Bb3+ Kc6 44. e4 Re7 45. Bd5+ Kc7 46. c6 g5 47. Rb1 1-0

[Event "*** Titled Tuesday Blitz"]
[Site "Chess.com"]
[Date "2020.05.12"]
[Round "2"]
[White "Stronger1799"]
[Black "PavelShkapenko"]
[Result "0-1"]
[WhiteElo "2309"]
[BlackElo "2626"]
[TimeControl "180+1"]
[EndTime "10:18:29 PDT"]
[Termination "PavelShkapenko won on time"]

1. e4 c5 2. Nf3 e6 3. d4 cxd4 4. Nxd4 Nf6 5. Nc3 Nc6 6. Ndb5 Bb4 7. a3 Bxc3+ 8. Nxc3 d5 9. exd5 exd5 10. Bd3 d4 11.
Ne2 Bf5 12. O-O Bg6 13. Nf4 O-O 14. Nxg6 hxg6 15. Bf4 Qd5 16. Qd2 Rfe8 17. Rae1 Ne4 18. Bxe4 Rxe4 19. Rxe4 Qxe4 20. Re1 Qf5 21. h3 Rd8 22.
Bg3 a6 23. Kf1 Qb5+ 24. Qd3 Qxb2 25. Re4 Qb5 26. Ke2 Qd5 27. Kf1 g5 28. f3 f6 29. h4 gxh4 30. Rxh4 Kf7 31. Bf2 Ne5 32. Qb3 Qxb3 33. cxb3 d3 34. Rd4 Rxd4 35. Bxd4 Nc6 36. Bc3 Ke6 37. Ke1 Kd5 38. Kd2 Nd4 39. Kxd3 Nxb3 40. g4 Nc5+ 41. Ke3 Ne6 42. f4 Nc5 43. f5 Ne4 44. Bb4 Nd6 45. Kf4 b6 0-1

[Event "*** Titled Tuesday Blitz"]
[Site "Chess.com"]
[Date "2020.05.12"]
[Round "2"]
[White "davigator"]
[Black "earling8018"]
[Result "1-0"]
[WhiteElo "2384"]
[BlackElo "2031"]
[TimeControl "180+1"]
[EndTime "10:18:29 PDT"]
[Termination "davigator won by resignation"]

1. e4 g6 2. d4 Bg7 3. Nc3 c5 4. dxc5 Qa5 5. Bd2 Qxc5 6. Bd3 Nf6 7. Qe2 Qc7 8. Nf3 Nc6 9. O-O d6 10. h3 O-O 11. Rac1 Nd7 12. Rfe1 Nc5 13. Nd5 Qd8 14. c3 Nxd3 15. Qxd3 e6 16. Ne3 Qe7 17. Rcd1 Rd8 18. Qb5 a6 19. Qb3 b5 20. Bc1 Bb7 21. Qc2 Rac8 22.
Ng4 Ne5 23. Nfxe5 dxe5 24. Rxd8+ Rxd8 25. f3 h5 26. Nf2 Kh7 27. Nd3 Qd6 28. Rd1 Bh6 29.
Nf2 Qb6 30. Rxd8 Qxd8 31. Bxh6 Kxh6 32. Nd3 Qb6+ 33. Kf1 a5 34. Nxe5 Kg7 35. Qf2 Qd6 36. Qd4 Qxd4 37. cxd4 f6 38. Nd3 f5 39. Nc5 Bc8 40. Ke2 f4 41. e5 g5 42. Kf2 Kg6 43.
g3 Kf5 44. g4+ hxg4 45. fxg4+ Kg6 46. Kf3 Kf7 47. h4 gxh4 48. Kxf4 Kg6 49. a3 b4 50. axb4 axb4 51. Nd3 Bb7 52. Nxb4 h3 53. Kg3 Kg5 54. Kxh3 Kf4 55. Kh4 Ke4 56. g5 Kf5 57. Kh5 Be4 58. Kh6 Kf4 59. g6 Bxg6 60. Kxg6 Ke4 61. Kf6 Kxd4 62. Kxe6 Kc4 63. Kd6 Kxb4 64. e6 Kb3 65.
e7 Kxb2 66. e8=Q 1-0

[Event "*** Titled Tuesday Blitz"]
[Site "Chess.com"]
[Date "2020.05.12"]
[Round "2"]
[White "Megagigahiper3345"]
[Black "AtabayevSaparmyrat"]
[Result "0-1"]
[WhiteElo "2494"]
[BlackElo "2736"]
[TimeControl "180+1"]
[EndTime "10:18:31 PDT"]
[Termination "AtabayevSaparmyrat won by resignation"]

1. d4 Nf6 2. c4 e6 3. Nf3 d5 4.
Nc3 c5 5. cxd5 Nxd5 6. e4 Nxc3 7.
bxc3 cxd4 8. cxd4 Bb4+ 9. Bd2 Bxd2+ 10. Qxd2 O-O 11. h4 b6 12. h5 h6 13. g4 Bb7 14.
Qe3 f5 15. gxf5 exf5 16. Bc4+ Kh7 17. d5 Nd7 18. e5 Rc8 19. Bb3 Nc5 20. d6 Nxb3 21.
axb3 Re8 22. Rg1 Bxf3 23. Rxa7 Bg4 24. d7 Rc5 25. e6 Rxe6 26. Qxe6 Rc1+ 27. Kd2 Qg5+ 28.
Qe3 Rxg1 29. Qxg5 hxg5 30. f3 Bxf3 31. Ke3 Rd1 32. Kxf3 Rd4 33. Ke3 Rd6 34. Kf3 Rd3+ 35. Ke2 Rd5 36. Kf3 Rd6 37. Kg3 g4 38. Kf4 Rd5 39. Kg3 Kh6 40. Kh4 Rd3 0-1

[Event "*** Titled Tuesday Blitz"]
[Site "Chess.com"]
[Date "2020.05.12"]
[Round "2"]
[White "PowerThinking2650"]
[Black "Ziachess74"]
[Result "1-0"]
[WhiteElo "2286"]
[BlackElo "2561"]
[TimeControl "180+1"]
[EndTime "10:18:31 PDT"]
[Termination "PowerThinking2650 won by checkmate"]

1. e4 c5 2. Nf3 d6 3. d4 cxd4 4. Nxd4 Nf6 5. Nc3 Nc6 6. Bc4 Qb6 7. Ndb5 a6 8. Be3 Qa5 9. Nd4 Ng4 10. O-O Nce5 11. Bb3 e6 12. Bc1 Qc5 13. h3 Nf6 14. Be3 Qc7 15. Qe2 Be7 16. f4 Nc6 17. Nf3 O-O 18.
g4 Na5 19. g5 Nd7 20. f5 Nc5 21. Kh1 Naxb3 22. axb3 exf5 23. Nd5 Qd8 24. exf5 Ne4 25.
f6 Ng3+ 26. Kg2 Nxe2 27. fxe7 Qd7 28. exf8=Q+ Kxf8 29. Kf2 Qc6 30. c4 Bxh3 31. Kxe2 Bxf1+ 32. Rxf1 Re8 33. Kd3 b5 34. Nd4 bxc4+ 35. bxc4 Qd7 36.
Nf5 Qe6 37. Bd4 Qe4+ 38. Kc3 Qe2 39. Bxg7+ Kg8 40. Nf6# 1-0

[Event "*** Titled Tuesday Blitz"]
[Site "Chess.com"]
[Date "2020.05.12"]
[Round "2"]
[White "zmeeed67"]
[Black "Chess2019Player"]
[Result "1-0"]
[WhiteElo "2428"]
[BlackElo "2177"]
[TimeControl "180+1"]
[EndTime "10:18:31 PDT"]
[Termination "zmeeed67 won by resignation"]

1. d4 Nf6 2. c4 e6 3. Nc3 c5 4. d5 exd5 5. cxd5 d6 6. Nf3 g6 7.
Bf4 Bg7 8. Qa4+ Bd7 9. Qb3 Qc7 10. e4 O-O 11. Nd2 Nh5 12. Be3 f5 13. exf5 Bxf5 14. Be2 Nf6 15. h3 a6 16. a4 Kh8 17. O-O Qc8 18.
Nc4 Qd8 19. Qxb7 Nbd7 20. g4 Bc2 21. Rac1 Rb8 22. Qxa6 Bb3 23. Qxd6 Bxc4 24. Bxc4 Rxb2 25. Qg3 Rb4 26. Bb5 Nb6 27. d6 Nfd5 28. Nxd5 Nxd5 29. Bxc5 Re4 30. d7 Be5 31. Qg2 Nf4 32.
Qxe4 Nxh3+ 33. Kg2 Nf4+ 34. Kf3 Rf7 35. Qxe5+ Kg8 36.
Bc4 Ne6+ 37. Ke2 Qxd7 38. Bxe6 1-0

[Event "*** Titled Tuesday Blitz"]
[Site "Chess.com"]
[Date "2020.05.12"]
[Round "2"]
[White "tsvet2005"]
[Black "LikeWater"]
[Result "1/2-1/2"]
[WhiteElo "2478"]
[BlackElo "2691"]
[TimeControl "180+1"]
[EndTime "10:18:32 PDT"]
[Termination "Game drawn by repetition"]

1. d4 Nf6 2. c4 e5 3. dxe5 Ne4 4. g3 Bc5 5. e3 Bb4+ 6. Nd2 d5 7. exd6 Qf6 8. f3 Nxd2 9. Bxd2 Qxb2 10. Bxb4 Qxb4+ 11. Qd2 Qa4 12. dxc7 Nc6 13. Ne2 O-O 14. Bg2 Qxc4 15. O-O Be6 16. Nf4 Rac8 17. Rfc1 Qa4 18. Nxe6 fxe6 19. Qd6 Rf7 20. Qxe6 Rxc7 21. Bh3 g6 22. Qe8+ Kg7 23. Be6 Rce7 24. Qc8 Rf6 25. Qg8+ Kh6 26.
Bg4 Rxe3 27. Qd5 Qd4 28. Qxd4 Nxd4 29. f4 Ne2+ 30. Bxe2 Rxe2 31. Re1 Rb2 32. Re7 Rfb6 33. Rae1 Rxa2 34. g4 Rbb2 35. h3 Rg2+ 36. Kh1 Rh2+ 37. Kg1 Rag2+ 38. Kf1 Rf2+ 39. Kg1 Rhg2+ 40. Kh1 Rh2+ 41.
Kg1 Rfg2+ 42. Kf1 Rf2+ 43. Kg1 1/2-1/2

[Event "*** Titled Tuesday Blitz"]
[Site "Chess.com"]
[Date "2020.05.12"]
[Round "2"]
[White "KaterinaMiroshnik"]
[Black "LivajaM"]
[Result "1-0"]
[WhiteElo "2469"]
[BlackElo "2257"]
[TimeControl "180+1"]
[EndTime "10:18:32 PDT"]
[Termination "KaterinaMiroshnik won on time"]

1. d3 Nf6 2. Nd2 d5 3. Ngf3 c5 4. e4 Nc6 5. Be2 dxe4 6. dxe4 e5 7. O-O Be6 8. c3 Be7 9. Qc2 O-O 10. Re1 Qc7 11.
Bf1 h6 12. Nc4 Bg4 13. Nfd2 Rad8 14. Ne3 Be6 15. Be2 Rfe8 16. b3 b6 17. Bb2 Qb7 18. Rad1 b5 19. Ndf1 b4 20. c4 Nd4 21. Bxd4 Rxd4 22. Nd5 Bxd5 23. exd5 Bd6 24. Ng3 e4 25. Nf5 Be5 26. Nxd4 cxd4 27. Bf1 d3 28. Qc1 Bc3 29. Re3 Qc7 30. h3 Bd4 31. Ree1 Bc3 32. Re3 Bd4 33. Ree1 Bc3 34. Qe3 Be5 35. g3 Bd6 36. Bg2 Bc5 37. Qf4 Qe7 38. Rxd3 exd3 39. Rxe7 Rxe7 40. d6 Re1+ 41.
Kh2 Re2 42. Qf3 Rxf2 43. Qa8+ Kh7 44. d7 1-0

[Event "*** Titled Tuesday Blitz"]
[Site "Chess.com"]
[Date "2020.05.12"]
[Round "2"]
[White "AlphalphaZero"]
[Black "Mitronych"]
[Result "0-1"]
[WhiteElo "2439"]
[BlackElo "2264"]
[TimeControl "180+1"]
[EndTime "10:18:32 PDT"]
[Termination "Mitronych won by resignation"]

1. e4 c5 2. Nf3 d6 3. d4 cxd4 4. Nxd4 Nf6 5. Nc3 a6 6. Be3 e5 7. Nf3 Be7 8. Bc4 Be6 9. Bxe6 fxe6 10. Ng5 Qd7 11. Qf3 Nc6 12. Qh3 Nd8 13. O-O b5 14. a3 O-O 15. Rad1 h6 16. Nf3 Nf7 17. Nh4 Nh7 18. Ng6 Rfc8 19. Nd5 Bd8 20. c3 Nfg5 21.
Bxg5 Nxg5 22. Qg4 Qf7 23. Ne3 Qxg6 24. h4 h5 25. Qg3 Qxe4 26. hxg5 d5 27. g6 Bf6 28.
Qh3 d4 29. Qxe6+ Kh8 30. cxd4 Re8 31. Qh3 Qxg6 32. d5 e4 33. b4 Bb2 34. d6 Bxa3 35. d7 Rf8 36. Rd5 Bxb4 37. Rxh5+ Kg8 38. Rd1 Qf6 39. Rh8+ Kf7 40. Qh5+ Qg6 41. Qd5+ Qe6 42. Qxa8 Rxa8 43. Rxa8 Be7 44. d8=Q Bxd8 45. Rdxd8 b4 46. Rf8+ Kg6 47. Rae8 Qc6 48. Rc8 Qa4 49. Rc6+ Qxc6 0-1

[Event "*** Titled Tuesday Blitz"]
[Site "Chess.com"]
[Date "2020.05.12"]
[Round "2"]
[White "IMTominho"]
[Black "Love_craft"]
[Result "1-0"]
[WhiteElo "2839"]
[BlackElo "2528"]
[TimeControl "180+1"]
[EndTime "10:18:33 PDT"]
[Termination "IMTominho won by resignation"]

1. d4 Nf6 2. Bg5 g6 3. Bxf6 exf6 4. g3 Bg7 5. Bg2 O-O 6. e3 c6 7.
Nf3 Na6 8. O-O Nc7 9. c4 d6 10. Nc3 Re8 11. Qb3 Rb8 12. Rfd1 Bg4 13. h3 Bxf3 14.
Bxf3 f5 15. Rac1 h5 16. h4 Bf6 17. Kg2 Qe7 18. Ne2 Ne6 19. Qc2 Rbd8 20. b4 Rc8 21. Qb1 Red8 22. d5 Nf8 23. dxc6 bxc6 24. b5 c5 25. Nf4 Bg7 26. a4 Nd7 27. Nd5 Qf8 28. a5 Ne5 29. Qc2 Nxf3 30. Kxf3 Qe8 31. Kg2 Rb8 32. Rb1 Kf8 33. Kg1 Qe4 34. Qxe4 fxe4 35. Rd2 f5 36. Ra2 Be5 37. a6 Kf7 38. b6 Ra8 39.
Nc7 Rab8 40. b7 Ke7 41. Nb5 Kd7 42. Nxa7 d5 43. cxd5 c4 44. Nc6 c3 45. Nxe5+ Kd6 46.
Nf7+ Kxd5 47. Nxd8 1-0

[Event "*** Titled Tuesday Blitz"]
[Site "Chess.com"]
[Date "2020.05.12"]
[Round "2"]
[White "Elshan1985"]
[Black "chessplayer9919"]
[Result "1-0"]
[WhiteElo "2727"]
[BlackElo "2490"]
[TimeControl "180+1"]
[EndTime "10:18:33 PDT"]
[Termination "Elshan1985 won on time"]

1. d4 Nf6 2. Nf3 e6 3. c4 b6 4. Bf4 Bb7 5. e3 Be7 6. Nc3 O-O 7. Bd3 d5 8. cxd5 Nxd5 9. Nxd5 exd5 10. h4 Bb4+ 11. Kf1 Ba6 12. Rc1 Bd6 13. Ne5 c5 14.
Bxa6 Nxa6 15. Qf3 cxd4 16. exd4 Bxe5 17. Bxe5 f6 18. Bf4 Qd7 19. g3 Rac8 20. Kg2 Nb4 21. a3 Nc6 22. Rhd1 Rfe8 23. h5 h6 24. b4 Re4 25. Be3 Ne7 26. Rxc8+ Nxc8 27. Rc1 Nd6 28.
Bf4 Nf5 29. Qc3 Nxd4 30. Qc8+ Qxc8 31. Rxc8+ Kh7 32. Ra8 Re7 33. Be3 Nc2 34. Bc1 Ne1+ 35. Kf1 Nd3 36. Be3 Ne5 37. Rd8 Nc4 38. Bf4 Nxa3 39. Rxd5 Nc2 40. b5 Nb4 41. Rd8 g6 42. Bd6 Re4 43. Rd7+ Kg8 44. hxg6 Nc2 45. Bf4 1-0

[Event "*** Titled Tuesday Blitz"]
[Site "Chess.com"]
[Date "2020.05.12"]
[Round "2"]
[White "LeonValdes"]
[Black "jacky72"]
[Result "0-1"]
[WhiteElo "2385"]
[BlackElo "2653"]
[TimeControl "180+1"]
[EndTime "10:18:33 PDT"]
[Termination "jacky72 won by resignation"]

1. d4 Nf6 2. c4 g6 3. f3 Bg7 4.
e4 O-O 5. Nc3 d6 6. Nge2 c5 7.
d5 Nbd7 8. Ng3 Ne5 9. Be2 h5 10. Bg5 e6 11. O-O exd5 12. cxd5 a6 13. a4 Bd7 14. Qd2 b5 15. axb5 axb5 16. Rxa8 Qxa8 17. Nxb5 Bxb5 18. Bxb5 Rb8 19. Be2 Qa2 20. b4 Qxd2 21.
Bxd2 cxb4 22. Rb1 b3 23. Bc3 Nfd7 24. Kf1 Nxf3 25. gxf3 Bxc3 26. Bd1 b2 27. Ne2 Be5 28. f4 Bg7 29. Bc2 Rc8 30. Bd3 Nc5 31. Bc2 Re8 32. e5 dxe5 33. Rxb2 exf4 34. Rb5 f3 35. Ng1 f2 36. Nf3 Ne4 37. Rb7 Nd6 38. Rd7 Nc4 39. Kxf2 Bf6 40. d6 Re6 41. Bb3 Rxd6 42. Rc7 Ne5 43. Nxe5 Bxe5 44. Rxf7 Kh8 45. Rf3 Bxh2 46. Kg2 Rd2+ 47. Kh3 Kg7 48. Rc3 Be5 49. Rg3 Bxg3 0-1

[Event "*** Titled Tuesday Blitz"]
[Site "Chess.com"]
[Date "2020.05.12"]
[Round "2"]
[White "Mr_Sinigami"]
[Black "tan275"]
[Result "1-0"]
[WhiteElo "2597"]
[BlackElo "2179"]
[TimeControl "180+1"]
[EndTime "10:18:33 PDT"]
[Termination "Mr_Sinigami won by resignation"]

1. d4 d5 2. Nf3 Nf6 3. Bf4 c5 4. e3 Nc6 5. c3 Qb6 6. Qc1 Bf5 7.
Nbd2 e6 8. Nb3 Ne4 9. Be2 Be7 10. O-O O-O 11. dxc5 Nxc5 12. Nbd4 Bg6 13. Rd1 Rac8 14. Nxc6 bxc6 15. Ne5 Qb7 16. h3 Ne4 17. Nxg6 fxg6 18. Bf3 Ng5 19. Bxg5 Bxg5 20. Qc2 e5 21. e4 Rcd8 22. Rd3 dxe4 23. Bxe4 Kh8 24. Rad1 Rxd3 25. Rxd3 Qf7 26. a3 Bf4 27. Bxc6 Qf6 28. Be4 Qg5 29.
Rf3 Rd8 30. Rd3 Rf8 31. c4 Bc1 32. c5 Bf4 33. c6 Qe7 34. b4 Qc7 35. Rd7 Qb6 36. c7 Be3 37. c8=Q Bxf2+ 38. Kh1 Rxc8 39. Qxc8+ 1-0

[Event "*** Titled Tuesday Blitz"]
[Site "Chess.com"]
[Date "2020.05.12"]
[Round "2"]
[White "kleopl"]
[Black "GoValya"]
[Result "0-1"]
[WhiteElo "2402"]
[BlackElo "2177"]
[TimeControl "180+1"]
[EndTime "10:18:33 PDT"]
[Termination "GoValya won by resignation"]

1. c4 Nf6 2. Nc3 e6 3. Nf3 d5 4. d4 c6 5. cxd5 exd5 6. Bg5 Bb4 7. e3 Nbd7 8. Bd3 Qa5 9. Qc2 h6 10. Bf4 O-O 11. O-O c5 12. a3 Bxc3 13. Qxc3 Qb6 14. Bc2 Re8 15. Rfd1 Ne4 16. Qb3 Qxb3 17. Bxb3 c4 18.
Ba4 Re7 19. Ne5 Nxe5 20. Bxe5 c3 21. b4 Bd7 22. Bc2 Rc8 23. Rac1 Bb5 24. f3 Nd2 25.
Bf5 Rc6 26. Kf2 Ba4 27. Re1 g6 28. Bc2 Bxc2 29. Rxc2 Nc4 30. f4 Nxa3 31. Ra2 Nb5 32. Rc1 a6 33. Rac2 f6 34. Bb8 Re8 35. Ba7 Nxa7 36. Rxc3 Rb8 37. Rc5 Rbc8 38. Ke2 b6 39.
Rxc6 Rxc6 40. Rb1 b5 41. Kd3 Rc4 42. g4 Nc6 43. h4 Nxb4+ 44. Kd2 Nc6 45. Ra1 b4 46.
Rb1 a5 47. Ra1 Rc3 0-1

[Event "*** Titled Tuesday Blitz"]
[Site "Chess.com"]
[Date "2020.05.12"]
[Round "2"]
[White "Reader777"]
[Black "Vesper2018"]
[Result "0-1"]
[WhiteElo "2590"]
[BlackElo "2233"]
[TimeControl "180+1"]
[EndTime "10:18:34 PDT"]
[Termination "Vesper2018 won by checkmate"]

1. d4 Nf6 2. c4 g6 3. g3 Bg7 4.
Bg2 O-O 5. Nc3 c6 6. Nf3 d5 7.
cxd5 cxd5 8. O-O Ne4 9. Nxe4 dxe4 10. Ne5 f6 11. Nc4 f5 12. e3 Nc6 13. Qb3 Be6 14. Bd2 Rc8 15. Rac1 Qd7 16. a4 Kh8 17. Rfd1 Bd5 18.
Be1 Qe6 19. Bf1 g5 20. Qb5 f4 21. Na5 a6 22. Qb6 fxe3 23. fxe3 Rxf1+ 24. Kxf1 Rf8+ 25. Ke2 Nxd4+ 26. Rxd4 Qxb6 27. Rxd5 Qxb2+ 28. Bd2 h6 29. Rc7 Qb1 30. Be1 Qa2+ 31. Rd2 Qxa4 32. Nxb7 Qb5+ 33. Kd1 Qb3+ 34. Ke2 Rf3 35. Rc8+ Kh7 36. Nc5 Qxe3+ 37. Kd1 Rf1 38. Re2 Qd4+ 39. Kc2 Qc4+ 40. Kd1 Qd4+ 41. Rd2 Qa1+ 42. Kc2 Rxe1 43. Kb3 Rb1+ 44. Kc4 Qc3+ 45. Kd5 Qxd2+ 46. Kc6 Qd6# 0-1

[Event "*** Titled Tuesday Blitz"]
[Site "Chess.com"]
[Date "2020.05.12"]
[Round "2"]
[White "tigra"]
[Black "Quattroporte300"]
[Result "1-0"]
[WhiteElo "2791"]
[BlackElo "2336"]
[TimeControl "180+1"]
[EndTime "10:18:34 PDT"]
[Termination "tigra won on time"]

1. e4 e5 2. Nf3 Nc6 3. Bc4 Bc5 4. d3 Nf6 5. c3 d6 6. Nbd2 a5 7.
O-O O-O 8. Bb5 Bd7 9. Nc4 h6 10. d4 exd4 11. cxd4 Ba7 12. d5 Ne7 13. Bxd7 Qxd7 14.
Qc2 a4 15. Be3 Bxe3 16. Nxe3 c5 17. Nc4 Qc7 18. e5 Ne8 19. Rad1 b5 20. Nxd6 Nxd6 21. exd6 Qxd6 22. Qe2 Rab8 23. Rfe1 Ng6 24. g3 Rfd8 25. h4 Nf8 26. Ne5 Re8 27. b4 c4 28. Qb2 Nd7 29. Nc6 Rbc8 30. Qd4 Nf6 31. Rxe8+ Rxe8 32. Qc5 Qc7 33. d6 Qd7 34. Qxb5 Ne4 35. Qxc4 Nxd6 36.
Qd5 Re6 37. b5 Kh7 38. b6 Rg6 39. Ne5 1-0

[Event "*** Titled Tuesday Blitz"]
[Site "Chess.com"]
[Date "2020.05.12"]
[Round "2"]
[White "marszach123"]
[Black "MathiasWomacka"]
[Result "0-1"]
[WhiteElo "2185"]
[BlackElo "2429"]
[TimeControl "180+1"]
[EndTime "10:18:34 PDT"]
[Termination "MathiasWomacka won on time"]

1. e4 c5 2. Nf3 d6 3. d4 cxd4 4. Nxd4 Nf6 5. Nc3 a6 6. Bg5 e6 7.
f4 h6 8. Bh4 Qb6 9. a3 Nbd7 10. Be2 Be7 11. Bf2 Qc7 12. Bf3 Rb8 13. O-O b5 14. Qe2 Bb7 15. Rad1 O-O 16. g4 Nb6 17. g5 hxg5 18. fxg5 Nfd7 19. g6 Ne5 20.
gxf7+ Rxf7 21. Nxe6 Nxf3+ 22. Qxf3 Qd7 23. Qg4 Nc4 24. Ba7 Ne5 25. Qg3 Qxe6 26. Bxb8 Nc4 27. Rxf7 Qxf7 28. Ba7 Bf6 29. Bd4 Bxd4+ 30. Rxd4 Qf6 31.
Qf2 Qg5+ 32. Qg2 Qe3+ 33. Qf2 Qc1+ 34. Qf1 Qxb2 35. Qf2 Qxc3 0-1

[Event "*** Titled Tuesday Blitz"]
[Site "Chess.com"]
[Date "2020.05.12"]
[Round "2"]
[White "DamianoLew95"]
[Black "viditchess"]
[Result "0-1"]
[WhiteElo "2570"]
[BlackElo "2946"]
[TimeControl "180+1"]
[EndTime "10:18:35 PDT"]
[Termination "viditchess won on time"]

1. d4 Nf6 2. Nf3 d5 3. Bf4 e6 4. e3 Bd6 5. Nbd2 c5 6. c3 Qc7 7.
Bg3 Nbd7 8. Bd3 O-O 9. e4 cxd4 10. Nxd4 Bxg3 11. hxg3 Nc5 12. Qe2 Nxd3+ 13. Qxd3 dxe4 14.
Nxe4 Qe5 15. Rh4 Nxe4 16. Rxe4 Qf6 17. Rf4 Qg6 18. Qxg6 hxg6 19. Rh4 e5 20. Nb5 Rd8 21. Rd1 Rxd1+ 22. Kxd1 Bd7 23. Na3 Bc6 24. f3 g5 25.
Rh1 e4 26. Ke2 exf3+ 27. gxf3 g4 28. Rh5 gxf3+ 29. Kf1 Re8 30. Rh2 Rd8 31. Ke1 f6 32. Nc2 Re8+ 33. Kd2 g5 34. Nd4 g4 35. Rh4 Bd7 36.
Rh1 Kg7 37. Rh2 Kg6 38. Nc2 f5 39. Ne3 f4 40. gxf4 g3 41. Rh1 g2 42. Nxg2 fxg2 43. Rg1 Bc6 0-1